Map: 필러스 오브 골드 - 래더

Players

Kelazhur

  • Race: Terran Terran
  • League: Master
  • Spawn Location: 7:00

DRG - Winner!

  • Race: Zerg Zerg
  • Spawn Location: 1:00

Event: StayAtHome Story Cup #3

VOD

Have the link to the VOD?

Description

Time

  • Played on: March 11, 2021, 7:16 a.m.
  • Length: 9:49

All games in this series

Show
View Real Time Build Order
Export as new Build Order

Kelazhur Terran 

Build Orders: Command Center First (CC) 

Get SALT Encoding   

  12  0:00  SCV  
  13  0:12  SCV  
  14  0:17  Supply Depot  
  14  0:24  SCV  
  15  0:39  SCV  
  16  0:51  SCV  
  17  1:00  Command Center  
  17  1:05  SCV  
  18  1:15  Barracks  
  18  1:19  SCV  
  18  1:24  Refinery  
  19  1:31  SCV  
  20  1:33  Refinery  
  20  1:43  SCV  
  21  1:55  SCV  
  22  2:03  Reaper  
  22  2:07  Orbital Command  
  23  2:12  Orbital Command  
  23  2:24  Factory  
  23  2:33  SCV  
  23  2:36  Barracks Reactor  
  24  2:39  SCV  
  25  2:45  SCV  
  26  2:51  SCV  
  26  2:57  SCV  
  28  3:01  Command Center  
  28  3:05  SCV  
  29  3:09  SCV  
  29  3:11  Supply Depot  
  29  3:12  Marine x2  
  31  3:17  SCV  
  31  3:19  Starport  
  33  3:25  SCV  
  34  3:29  SCV  
  35  3:37  SCV  
  35  3:38  Hellion x2  
  35  3:40  Barracks Tech Lab  
  40  3:41  SCV  
  41  3:49  SCV  
  41  3:54  SCV  
  41  3:55  Supply Depot  
  43  3:59  Stimpack  
  43  4:00  Viking  
  43  4:01  SCV  
  46  4:05  Barracks  
  46  4:09  Barracks  
  46  4:12  SCV  
  46  4:13  SCV  
  46  4:15  Orbital Command  
  46  4:16  Factory Reactor  
  46  4:17  Marine  
  49  4:24  SCV  
  49  4:25  SCV  
  51  4:34  Starport Reactor  
  51  4:36  Refinery, SCV  
  51  4:37  Refinery, SCV  
  53  4:38  Engineering Bay  
  53  4:42  Engineering Bay  
  53  4:44  SCV, Marine, Supply Depot  
  55  4:49  SCV x2  
  57  4:57  SCV  
  58  5:01  SCV  
  58  5:02  Factory Tech Lab  
  58  5:06  Marine x4  
  64  5:07  Marine  
  64  5:11  Barracks  
  64  5:13  Supply Depot  
  64  5:14  Barracks, Supply Depot  
  64  5:16  Terran Infantry Weapons Level 1  
  64  5:17  Terran Infantry Armor Level 1  
  64  5:20  Medivac  
  66  5:22  Medivac  
  66  5:23  Marine  
  66  5:26  Marine x2  
  66  5:28  Marine x2  
  72  5:33  Siege Tank  
  74  5:41  Marine, Combat Shield  
  74  5:44  Marine  
  74  5:47  Marine x3  
  74  5:48  Supply Depot x2  
  78  5:55  Medivac x2  
  82  5:59  Marine  
  82  6:02  Marine  
  84  6:04  Marine  
  84  6:05  Marine x2  
  84  6:07  Barracks Reactor x2  
  87  6:12  Supply Depot  
  87  6:13  Supply Depot  
  87  6:14  Siege Tank  
  87  6:17  Marine  
  87  6:18  Orbital Command  
  91  6:19  Marine  
  91  6:24  Marine  
  93  6:28  Marine  
  93  6:29  Marine  
  95  6:35  Marine, Medivac x2  
  95  6:37  Marine  
  96  6:42  Marine  
  96  6:45  Marine  
  96  6:46  Marine x5  
  103  6:49  Supply Depot  
  103  6:51  Supply Depot  
  103  6:52  Armory, Marine  
  104  6:54  Siege Tank  
  104  6:55  SCV, Marine  
  104  6:59  Marine  
  104  7:00  Supply Depot  
  110  7:14  Marine  
  111  7:17  Marine  
  111  7:21  Marine x2  
  112  7:26  Siege Tank  
  95  7:38  Marine  
  95  7:41  Marine  
  95  7:43  Marine x7  
  91  7:45  SCV x2  
  91  7:46  SCV  
  91  7:50  Liberator  
  95  7:56  Marine  
  95  7:57  SCV  
  97  7:59  Marine  
  97  8:00  Siege Tank  
  97  8:01  Marine x2  
  97  8:02  Marine x2  
  105  8:07  SCV x2  
  105  8:08  Marine  
  105  8:10  Marine  
  105  8:12  Marine  
  109  8:13  SCV  
  109  8:18  Marine  
  109  8:19  Marine x2  
  113  8:20  Marine  
  113  8:21  Marine  
  113  8:23  SCV  
  113  8:26  Marine  
  113  8:27  Marine  
  117  8:30  Marine  
  117  8:33  SCV x2  
  121  8:35  Marine  
  121  8:36  Marine  
  121  8:37  Marine x2  
  121  8:38  Marine  
  126  8:42  Supply Depot  
  126  8:43  Marine, Siege Tank  
  126  8:44  Supply Depot  
  126  8:47  Supply Depot  
  130  8:50  Marine  
  130  8:54  Marine x5  
  136  9:02  Marine x3  
  137  9:08  Marine  
  139  9:12  Marine x2, Supply Depot  
  139  9:15  Siege Tank  
  144  9:21  Supply Depot  
  144  9:25  Marine x2  
  144  9:28  Marine x4  
  144  9:29  Marine  
  144  9:30  Marine x2  
Show
View Real Time Build Order
Export as new Build Order

DRG Zerg - Winner!

Build Orders: Hatch First 

Get SALT Encoding   

  12  0:00  Drone  
  13  0:13  Overlord  
  13  0:17  Drone  
  14  0:31  Drone x2  
  16  0:49  Hatchery  
  15  0:52  Drone  
  15  0:55  Drone  
  17  0:59  Drone  
  18  1:09  Extractor  
  17  1:15  Spawning Pool  
  17  1:18  Drone  
  17  1:21  Drone  
  18  1:28  Drone  
  19  1:39  Drone  
  20  1:50  Drone  
  21  2:01  Queen  
  21  2:02  Queen, Zergling x4  
  27  2:12  Drone, Overlord  
  28  2:25  Hatchery  
  28  2:27  Drone  
  28  2:34  Drone x3  
  31  2:42  Queen  
  33  2:47  Overlord  
  33  2:51  Drone  
  34  2:54  Drone  
  34  2:55  Drone  
  36  3:05  Overlord  
  36  3:08  Drone  
  36  3:10  Drone  
  36  3:12  Drone x2  
  40  3:14  Metabolic Boost  
  40  3:17  Drone  
  40  3:19  Drone  
  42  3:23  Queen  
  44  3:28  Queen  
  44  3:33  Overlord  
  46  3:34  Drone  
  46  3:38  Drone  
  46  3:39  Drone  
  49  3:43  Queen  
  49  3:46  Overlord  
  51  3:50  Drone x2  
  51  3:53  Overlord  
  53  3:56  Drone  
  53  3:59  Drone x2  
  56  4:03  Queen  
  56  4:08  Zergling x4  
  60  4:10  Overlord  
  60  4:11  Drone  
  60  4:13  Drone  
  60  4:15  Drone x2  
  64  4:17  Drone x2  
  64  4:23  Drone x3  
  69  4:26  Overlord  
  69  4:29  Drone x3  
  69  4:30  Drone  
  73  4:34  Extractor  
  73  4:35  Evolution Chamber  
  73  4:36  Evolution Chamber  
  70  4:40  Drone x3  
  70  4:41  Drone  
  70  4:44  Zergling x2  
  75  4:48  Overlord  
  75  4:50  Drone  
  75  4:52  Overlord  
  76  4:55  Zergling x2  
  76  4:57  Drone  
  76  4:58  Drone, Spore Crawler  
  77  5:00  Drone  
  77  5:03  Drone x5  
  77  5:05  Zerg Ground Armor Level 1  
  83  5:08  Drone  
  83  5:09  Spore Crawler x2  
  83  5:12  Drone x3  
  83  5:13  Drone  
  86  5:19  Zergling x4  
  88  5:22  Zerg Melee Weapons Level 1  
  88  5:24  Hatchery  
  88  5:26  Overlord  
  87  5:28  Drone  
  87  5:32  Drone x3  
  91  5:37  Drone x2, Extractor  
  91  5:41  Overlord  
  91  5:42  Drone x3  
  94  5:44  Extractor  
  94  5:45  Baneling Nest  
  94  5:46  Lair  
  94  5:48  Drone x2  
  94  5:49  Zergling x2  
  95  5:55  Hatchery  
  94  6:02  Extractor, Zergling x10  
  98  6:04  Overlord  
  98  6:06  Zergling x8  
  98  6:09  Overlord  
  102  6:11  Overlord  
  102  6:13  Zergling x4  
  104  6:19  Queen  
  104  6:22  Zergling x6  
  104  6:26  Queen  
  104  6:29  Zergling x8  
  104  6:32  Overlord  
  106  6:35  Drone  
  106  6:36  Drone x2, Queen  
  109  6:40  Drone x4  
  109  6:41  Drone  
  114  6:49  Centrifical Hooks, Overlord  
  114  6:53  Zergling x6  
  117  6:55  Baneling x7, Queen  
  117  6:59  Zergling x6, Overseer  
  122  7:05  Hatchery  
  122  7:06  Zergling x8  
  125  7:11  Zergling x8  
  125  7:15  Zergling x6  
  132  7:16  Zerg Melee Weapons Level 2  
  132  7:17  Zerg Ground Armor Level 2  
  132  7:20  Zergling x2  
  121  7:30  Zergling x12  
  121  7:32  Pneumatized Carapace  
  121  7:35  Drone x5  
  126  7:37  Extractor  
  126  7:40  Zergling x14  
  126  7:42  Queen x2  
  126  7:44  Zergling x2  
  128  7:52  Baneling x3  
  128  7:53  Baneling x4, Zergling x2  
  128  7:54  Zergling x12  
  128  7:57  Zergling x4  
  137  8:02  Zergling x10  
  137  8:03  Overseer  
  141  8:07  Zergling x6  
  141  8:12  Overlord x3  
  144  8:15  Baneling x9  
  144  8:19  Drone x5, Queen  
  151  8:28  Zergling x12  
  151  8:33  Overlord  
  157  8:37  Drone x2, Hydralisk Den  
  157  8:38  Baneling x8, Infestation Pit  
  157  8:46  Drone x5  
  157  8:47  Zergling x6  
  165  8:54  Zergling x14  
  166  9:00  Queen  
  167  9:04  Zergling x12  
  167  9:06  Zergling x2  
  174  9:15  Zergling x2  
  174  9:16  Zergling x16  
  175  9:25  Lurker Den  
  175  9:26  Baneling x8  
  175  9:28  Zergling x16  
Tags
 
Add a new tag
Caveats
  • Supply blocks, unpowered buildings, or Contaminate may cause inaccurate times.
  • Supply counts are checked every 10 seconds.